cohdb
Replays
Latest Replays
All Replays
Popular Replays
Top Player Replays
Match Explorer
How It Works
Community
CoH3 Stats
Reddit
Sign in to upload your games and track your stats! →
Sign in with Steam
Match 42945482
Unlisted
Match 42945482
Overview
Messages
Build Orders
End
Construct Infanterie Kompanie
Grenadier Squad
Grenadier Squad
Grenadier Squad
MG 42 Machine Gun Team
Infanterie Officer Quarters
Construct Luftwaffe Kompanie
Selects Breakthrough Battlegroup
Selects Assault Grenadiers
221 Scout Car
Jäger Squad
GrW 34 Mortar Team
Medical Bunker
Support Elements
Wirbelwind Flakpanzer
Selects Rapid Production
Pioneer Squad
Side Skirts
Selects Blitzkrieg
Jäger Squad
Wirbelwind Flakpanzer
Selects Tiger Heavy Tank
Tiger Heavy Tank
Selects Breakthrough
Goodvyn
Protein
0
0
Comments
sign in to comment!
No comments posted yet!